 Dungeon Crawl Stone Soup version 0.30.1-11-g7821555f0a (webtiles) character file.

Game seed: 3643783043758378621

7127 Peloso the Carver (level 10, -2/90 HPs)
             Began as a Minotaur Fighter on Jan 10, 2024.
             Slain by a basilisk (3 damage)
             ... while petrified by a basilisk
             ... on level 9 of the Dungeon.
             The game lasted 00:15:54 (9268 turns).

Peloso the Carver (Minotaur Fighter)                Turns: 9268, Time: 00:15:55

Health: -2/90      AC: 16    Str: 21    XL:     10   Next: 85%
Magic:  9/9        EV:  2    Int:  5    God:
Gold:   477        SH:  0    Dex: 14    Spells: 9/9 levels left

rFire   . . .        a - +1 scimitar (heavy)
rCold   . . .        d - +0 buckler
rNeg    + + +        B - +0 plate armour
rPois   ∞            (helmet restricted)
rElec   .            L - +0 cloak
rCorr   .            (no gloves)
SInv    .            (no boots)
Will    .....        k - amulet of reflection Stlth
                     (no ring)
HPRegen 0.35/turn    (no ring)
MPRegen 0.11/turn

%: reflection
@: petrified, slowed
A: horns 2, retaliatory headbutt
a: no special abilities


You were on level 9 of the Dungeon.
You visited 2 branches of the dungeon, and saw 10 of its levels.
You also visited: Sewer.

You collected 552 gold pieces.
You spent 75 gold pieces at shops.

Inventory:

Hand Weapons
 a - a +1 heavy scimitar (weapon)
 b - a +0 scimitar
Missiles
 v - a throwing net (quivered)
Armour
 c - a +0 scale mail of fire resistance
 d - a +0 buckler (worn)
 B - a +0 plate armour (worn)
 L - a +0 cloak (worn)
Jewellery
 k - an amulet of reflection (around neck)
 y - a ring of fire
 F - an amulet of magic regeneration
Wands
 A - a wand of flame (18)
 D - a wand of quicksilver (8)
 E - a wand of roots (5)
 O - a wand of paralysis (8)
 Q - a wand of digging (5)
Scrolls
 f - 2 scrolls of fear
 g - 5 scrolls of teleportation
 h - 2 scrolls of noise
 i - 2 scrolls of poison
 j - 6 scrolls of identify
 l - 2 scrolls of enchant weapon
 m - a scroll of magic mapping
 r - 3 scrolls of fog
 s - a scroll of enchant armour
 u - 2 scrolls of blinking
 C - a scroll of amnesia {unknown}
 H - a scroll of vulnerability {unknown}
 J - a scroll of brand weapon {unknown}
 K - 2 scrolls of torment {unknown}
 N - a scroll of silence {unknown}
 P - a scroll of immolation {unknown}
Potions
 e - 2 potions of might
 n - 4 potions of mutation
 o - a potion of magic {unknown}
 p - 3 potions of heal wounds {unknown}
 q - 2 potions of invisibility {unknown}
 w - 2 potions of curing
 x - 5 potions of attraction {unknown}
 z - 2 potions of haste {unknown}
 G - a potion of degeneration {unknown}
 I - a potion of flight {unknown}
 M - 2 potions of berserk rage {unknown}
Miscellaneous
 t - a phantom mirror


   Skills:
 + Level 8.6 Fighting
 + Level 12.3 Long Blades
 + Level 10.5 Armour
 + Level 3.3 Dodging
 + Level 0.4 Stealth
 + Level 9.6 Shields
 + Level 0.8 Evocations


You had 9 spell levels left.
You didn't know any spells.
Your spell library contained the following spells:

 Spells                   Type           Power      Damage    Failure   Level
 Cigotuvi's Dreadful Rot  Necr/Pois/Air  0%         N/A       100%        2
 Frozen Ramparts          Ice            0%         1d1       100%        3
 Ice Form                 Ice/Tmut       0%         N/A       100%        4
 Summon Ice Beast         Ice/Summ       0%         N/A       100%        4
 Summon Lightning Spire   Summ/Air       0%         N/A       100%        4
 Maxwell's Capacitive Co  Air            0%         ∞         100%        8


Dungeon Overview and Level Annotations

Branches:
Dungeon (9/15)             Temple (1/1) D:7           Sewer (visited)
   Lair: D:8-11         Orc: D:9-12

Altars:
Cheibriados
Dithmenos
Fedhas
Gozag
Hepliaklqana
Kikubaaqudgha
Makhleb
Nemelex Xobeh
Qazlal
Ru
Sif Muna
Trog
Vehumet
Wu Jian
Zin
The Shining One

Shops:
D:1 (   D:3 ??   D:4 *


Innate Abilities, Weirdness & Mutations

You have a pair of horns on your head.
You reflexively headbutt those who attack you in melee.


Message History

Unknown command.
You slice the hornet!! Your headbutt misses the hornet.
The hornet is severely wounded.
You block the hornet's attack.
The basilisk bites you but does no damage.
The hornet stings you but does no damage.
You block the hornet's attack. You block the basilisk's attack.
Unknown command.
You completely miss the hornet. You headbutt the hornet!
The hornet is almost dead.
You block the hornet's attack. The basilisk gazes at you.
You are slowing down.
The hornet stings you.
* * * LOW HITPOINT WARNING * * *
You feel as though you will be slow longer.
The basilisk gazes at you.
Your limbs have turned to stone.
The hornet stings you!
* * * LOW HITPOINT WARNING * * *
You feel as though you will be slow longer.
You have turned to stone.
The hornet stings you.
* * * LOW HITPOINT WARNING * * *
The basilisk gazes at you. You resist with some effort.
The hornet stings you but does no damage.
The basilisk gazes at you. The hornet stings you.
* * * LOW HITPOINT WARNING * * *
The hornet stings you.
* * * LOW HITPOINT WARNING * * *
The basilisk bites you.
* * * LOW HITPOINT WARNING * * *
The hornet stings you but does no damage.
The basilisk barely misses you.
The hornet stings you but does no damage.
The hornet stings you.
* * * LOW HITPOINT WARNING * * *
The basilisk bites you.
You die...

##.....##...##
#......######
##....#..##
###....#...#
#......#.8.#
##.....#...# #
##....##<## ...
#......###.....
##.....@.......
#.....ly.###..
#.........#
#.............
#≈≈≈.........##
##≈......≈...#
#.......~≈.....
####...~≈......


You could see a basilisk and a hornet.

Vanquished Creatures
  A boulder beetle (D:9)
  Maurice (D:8)
  Joseph (D:7)
  Maggie (D:8)
  A hornet (D:9)
  2 wyverns
  Eustachio (D:5)
  3 yaks (D:8)
  A wraith (D:9)
  Grum (D:8)
  2 steam dragons
  A swamp worm (D:8)
  Edmund (D:5)
  An acid dragon (D:9)
  A black bear (D:6)
  8 ice beasts
  4 wolves (D:8)
  An ogre (D:4)
  2 centaurs
  A phantom (D:6)
  3 kobold brigands
  A gnoll sergeant (D:6)
  2 bullfrogs
  3 scorpions (D:6)
  5 wights (D:8)
  3 killer bees (D:7)
  7 howler monkeys
  A jelly (D:5)
  3 hounds
  2 orc priests
  A gnoll bouda (D:6)
  A sleepcap (D:4)
  Natasha (thrice) (D:4)
  2 iguanas
  2 orc wizards
  13 gnolls
  16 adders
  9 river rats (Sewer)
  3 shadow imps (D:5)
  2 white imps
  An ufetubus (D:6)
  2 worms
  5 dart slugs
  27 orcs
  9 ball pythons
  8 endoplasms
  2 giant cockroaches
  8 hobgoblins
  6 jackals
  30 kobolds
  10 quokkas
  7 bats
  7 frilled lizards
  7 goblins
  22 rats
268 creatures vanquished.

Vanquished Creatures (others)
  An orc wizard (D:4)
1 creature vanquished.

Grand Total: 269 creatures vanquished

Notes
Turn   | Place    | Note
-------+----------+-------------------------------------------
     0 | D:1      | Peloso the Minotaur Fighter began the quest for the Orb.
     0 | D:1      | Reached XP level 1. HP: 19/19 MP: 0/0
   131 | D:1      | Reached XP level 2. HP: 25/27 MP: 1/1
   140 | D:1      | Found Daxaw's Weapon Emporium.
   601 | D:2      | Reached XP level 3. HP: 33/33 MP: 2/2
   615 | D:2      | Reached skill level 3 in Long Blades
   634 | D:2      | Found a faded altar of an unknown god.
   926 | D:2      | Reached skill level 1 in Dodging
   926 | D:2      | Reached XP level 4. HP: 40/40 MP: 3/3
  1205 | D:3      | Found an ornate altar of the Wu Jian Council.
  1229 | D:3      | Got the Teachings on Breath
  1328 | D:3      | Found a glowing drain.
  1333 | Sewer    | Entered a sewer
  1365 | Sewer    | Noticed a kobold brigand
  1365 | Sewer    | Noticed a kobold brigand
  1378 | Sewer    | Killed a kobold brigand
  1379 | Sewer    | Reached skill level 4 in Long Blades
  1379 | Sewer    | Reached XP level 5. HP: 32/47 MP: 4/4
  1527 | Sewer    | Reached XP level 6. HP: 52/53 MP: 5/5
  1536 | Sewer    | Reached skill level 5 in Long Blades
  1794 | Sewer    | Reached skill level 5 in Armour
  2342 | D:3      | Found Ussuuduo's Magic Scroll Shop.
  2488 | D:3      | Bought a scroll of blinking for 75 gold pieces
  2668 | D:3      | Found The Oracle's Delphic Readings.
  2892 | D:4      | Found Alawu's Overcharged Wands.
  2893 | D:4      | Noticed Natasha
  2906 | D:4      | Killed Natasha
  3125 | D:4      | Noticed Natasha
  3125 | D:4      | Found a stormy altar of Qazlal.
  3133 | D:4      | Killed Natasha
  3134 | D:4      | Reached skill level 5 in Shields
  3214 | D:4      | Reached skill level 5 in Fighting
  3214 | D:4      | Reached skill level 6 in Long Blades
  3214 | D:4      | Reached XP level 7. HP: 61/61 MP: 6/6
  3331 | D:4      | Noticed Natasha
  3340 | D:4      | Killed Natasha
  3815 | D:4      | Noticed a wyvern
  3830 | D:4      | Killed a wyvern
  3831 | D:4      | Reached skill level 7 in Long Blades
  4094 | D:5      | Entered Level 5 of the Dungeon
  4181 | D:5      | Found a sacrificial altar of Ru.
  4187 | D:5      | Noticed Eustachio
  4227 | D:5      | Killed Eustachio
  4228 | D:5      | Reached XP level 8. HP: 36/70 MP: 7/7
  4378 | D:5      | Noticed Edmund
  4391 | D:5      | Reached skill level 8 in Long Blades
  4407 | D:5      | Killed Edmund
  5355 | D:6      | Reached skill level 9 in Long Blades
  5590 | D:6      | Reached XP level 9. HP: 78/78 MP: 8/8
  6066 | D:6      | You fall into a shaft and drop 2 floors!
  6107 | D:8      | Noticed Grum
  6116 | D:8      | Reached skill level 10 in Long Blades
  6127 | D:8      | Killed Grum
  6931 | D:7      | Noticed Joseph
  6947 | D:7      | Killed Joseph
  6948 | D:7      | Reached skill level 11 in Long Blades
  7276 | D:7      | Found a staircase to the Ecumenical Temple.
  7360 | D:7      | Reached XP level 10. HP: 79/88 MP: 9/9
  7479 | Temple   | Entered the Ecumenical Temple
  7642 | D:6      | Found a burning altar of Makhleb.
  7725 | D:8      | Noticed Maurice
  7740 | D:8      | Killed Maurice
  8203 | D:8      | Found an ancient bone altar of Kikubaaqudgha.
  8211 | D:8      | Noticed Maggie
  8219 | D:8      | Killed Maggie
  9205 | D:9      | Noticed a boulder beetle
  9208 | D:9      | Reached skill level 10 in Armour
  9217 | D:9      | Killed a boulder beetle
  9218 | D:9      | Reached skill level 12 in Long Blades
  9249 | D:9      | Paralysed by a hornet for 3 turns
  9256 | D:9      | HP: 4/90 [basilisk (7)]
  9259 | D:9      | HP: 1/90 [hornet (5)]
  9266 | D:9      | HP: 4/90 [hornet (2)]
  9268 | D:9      | HP: 1/90 [hornet (1)]
  9268 | D:9      | Slain by a basilisk

Illustrated notes

Levels and vault maps discovered:
D:1:      grunt_arrival_lava_bath, layout_rooms, serial_shops,
          nicolae_shop_bloodbath_and_beyond, hangedman_decor_push,
          minmay_unequal
D:2:      minmay_door_path, layout_basic, chequers_ecumenical_altar_grove
D:3:      minmay_diamond_boxcup, layout_rooms, nicolae_wu_jian_wuxing_cycle,
          gup_sewer_entry_spiral, serial_shops, shop_fountains,
          nicolae_nh_oracle_at_delphi
D:4:      minmay_razor_zed, layout_loops_ring, mainiacjoe_overflow_paths,
          nicolae_shop_overcharged_wands, uniq_natasha
D:5:      layout_loops_ring, nicolae_overflow_hidden_temple,
          nicolae_ru_sacrificial_ziggurat, uniq_eustachio, uniq_edmund
D:6:      layout_loops_ring, general_overflow_altar
D:7:      layout_loops_ring, minmay_temple_entry_poolview, uniq_joseph
D:8:      layout_basic, mainiacjoe_overflow_tiny_flanked,
          minmay_misc_feat_doors, worms_lemuel, uniq_grum, uniq_maggie,
          uniq_maurice
D:9:      layout_cave_pools, amcnicky_altar_gilded, nicolae_uskayaw_dance_hall,
          serial_rivers, chequers_serial_rivers_large_b,
          chequers_serial_rivers_large_a, chequers_serial_rivers_room_a,
          chequers_serial_rivers_small_a, chequers_serial_rivers_small_b,
          grunt_ministairs_4
Temple:   hellmonk_temple_of_storms

Skill      XL: |  1  2  3  4  5  6  7  8  9 10 |
---------------+-------------------------------+-----
Armour         | 4 5 7 8 10 | 10.5
Shields        | 4 5 6 8 9 |  9.6
Long Blades    | 3 4 6 7 9 11 12 | 12.3
Fighting       | 4 5 6 8 |  8.6
Dodging        | 1 2 3 |  3.3
Stealth        | |  0.4
Evocations     | |  0.8

Action                     |  1- 3 |  4- 6 |  7- 9 | 10-12 || total
---------------------------+-------+-------+-------+-------++-------
  Melee: Long sword        |    48 |       |       |       ||    48
         Scimitar          |    38 |   273 |   379 |   113 ||   803
         Headbutt          |     7 |    44 |    81 |    25 ||   157
  Evoke: Wand              |       |       |       |     5 ||     5
    Use: Potion            |     2 |       |     1 |     3 ||     6
         Scroll            |       |     9 |       |       ||     9
 Armour: Scale mail        |    50 |    89 |    63 |       ||   202
         Plate armour      |       |       |   103 |    46 ||   149
  Dodge: Dodged            |    48 |    87 |   132 |    42 ||   309
  Block: Buckler           |    37 |   155 |   195 |    78 ||   465
         Reflection        |       |     3 |     9 |     2 ||    14
